 Dungeon Crawl Stone Soup version 0.24.0-35-gdb84b6a5db (webtiles) character file.

Game seed: 3446164282283810554, levelgen mode: deterministic

683 Descartes the Shield-Bearer (level 7, 0/56 HPs)
             Began as a Formicid Fighter on Nov 17, 2019.
             Succumbed to a killer bee's poison
             ... on level 3 of the Dungeon.
             The game lasted 00:08:39 (3428 turns).

Descartes the Shield-Bearer (Formicid Fighter)      Turns: 3428, Time: 00:08:40

Health: 0/56       AC:  7    Str: 25    XL:     7   Next: 93%
Magic:  7/7        EV:  9    Int: 10    God:
Gold:   252        SH: 11    Dex: 12    Spells: 6/6 levels left

rFire    . . .     SeeInvis +   a - +0 war axe
rCold    . . .     Gourm    +   c - +0 shield
rNeg     + . .     Faith    .   b - +0 scale mail
rPois    .         Spirit   .   (helmet unavailable)
rElec    .         Reflect  .   l - +2 cloak
rCorr    .         Harm     .   (no gloves)
MR       +....                  (no boots)
Stlth    +.........             w - amulet "Tualuedu" {Gourm rN+ MR+ Int+2 Stlth+}
HPRegen  0.18/turn              (no ring)
MPRegen  0.10/turn              (no ring)

@: mighty, lethally poisoned (0 -> -14)
A: permanent stasis, dig shafts and tunnels, four strong arms, antennae 3,
talons 1, deformed body, screaming 1
a: Dig, Shaft Self


You were on level 3 of the Dungeon.
You were very hungry.

You visited 1 branch of the dungeon, and saw 7 of its levels.

You collected 252 gold pieces.

Inventory:

Hand Weapons
 a - a +0 war axe (weapon)
Missiles
 g - 31 arrows
 i - 13 poisoned darts (quivered)
 j - 6 boomerangs
 p - 24 stones
 r - 53 bolts
 t - 6 javelins
Armour
 b - a +0 scale mail (worn)
 c - a +0 shield (worn)
 l - a +2 cloak (worn)
Jewellery
 w - the amulet "Tualuedu" (around neck) {Gourm rN+ MR+ Int+2 Stlth+}
   (You found it on level 5 of the Dungeon)

   [amulet of the gourmand]

   It allows you to eat raw meat even when not hungry.
   It affects your intelligence (+2).
   It protects you from negative energy.
   It affects your resistance to hostile enchantments.
   It makes you more stealthy.
Scrolls
 m - 5 scrolls of fear
 u - 2 scrolls of blinking {unknown}
 x - a scroll of magic mapping {unknown}
Potions
 d - a potion of might
 e - a potion of heal wounds {unknown}
 h - a potion of magic
 k - a potion of ambrosia {unknown}
 n - a potion of cancellation {unknown}
 o - a potion of degeneration {unknown}
 q - a potion of lignification
 v - a potion of flight {unknown}
Comestibles
 f - 7 rations


   Skills:
 + Level 5.0 Fighting
 * Level 5.2 Axes
 + Level 5.0 Armour
 * Level 6.1 Shields


You had 6 spell levels left.
You didn't know any spells.
Your spell library contained the following spells:

 Spells                   Type           Power        Failure   Level  Hunger
 Magic Dart               Conj           #...         83%         1    ##.....
 Call Imp                 Summ           #.......     93%         2    ###....
 Slow                     Hex            #.......     93%         2    ###....
 Conjure Flame            Conj/Fire      #.......     99%         3    ####...
 Mephitic Cloud           Conj/Pois/Air  #.......     99%         3    ####...
 Blink                    Tloc           Unusable     N/A         2    N/A

Dungeon Overview and Level Annotations

Branches:
Dungeon (7/15)
 Temple: D:4-7

Altars:


Innate Abilities, Weirdness & Mutations

You cannot be hasted, slowed, berserked, paralysed or teleported.
You can dig through walls and to a lower floor.
Your four strong arms can wield two-handed weapons with a shield.
You have a pair of large antennae on your head. (SInv)
You have sharp toenails.
Armour fits poorly on your strangely shaped body.
You occasionally shout uncontrollably at your foes.


Message History

* * * LOW HITPOINT WARNING * * *
You feel sick. The killer bee stings you!
* * * LOW HITPOINT WARNING * * *
The killer bee stings you but does no damage.
The killer bee closely misses you.
You miss the killer bee. You claw the killer bee.
The killer bee is severely wounded.
* * * LOW HITPOINT WARNING * * *
You feel sick.
The killer bee stings you but does no damage. x2
Your shield and scale mail prevent you from hitting the killer bee.
Your kick misses the killer bee.
The killer bee is severely wounded.
* * * LOW HITPOINT WARNING * * *
You feel sick. The killer bee stings you.
* * * LOW HITPOINT WARNING * * *
The killer bee stings you but does no damage.
You block the killer bee's attack.
You feel very mighty all of a sudden.
You die...

#....#.#...................
##....)..##..#...##..#...##
#.......#.#.....##......#.
#######.....#..#...##...##...
###.# #.#...##)#.#.##........
#...# #....#.#.#....#.###....
#.### ####............####...
###.# ###.#.##..<....#####
....### #####@y...........####
.###..######....†.##.....##......
#............####..............##
...........########.....#####....
...............................##
..#..........#....#..####.....###
###..........#..###.## ###....#.
# #.....#.......###.# #..##... #
#.....#≈...##.#...# ####.####..


You could see a killer bee.

Vanquished Creatures
  A phantom (D:7)
  A sky beast (D:5)
  An ogre (D:6)
  A centaur (D:7)
  A scorpion (D:6)
  A killer bee (D:3)
  A hound (D:7)
  6 gnolls
  9 adders
  A shadow imp (D:6)
  A worm (D:2)
  3 dart slugs
  3 leopard geckos
  2 ball pythons
  A giant cockroach (D:6)
  4 goblins
  6 hobgoblins
  10 jackals
  2 kobolds (D:2)
  A quokka (D:5)
  7 bats
  3 rats
66 creatures vanquished.

Notes
Turn   | Place    | Note
-------+----------+-------------------------------------------
     0 | D:1      | Descartes the Formicid Fighter began the quest for the Orb.
     0 | D:1      | Reached XP level 1. HP: 18/18 MP: 1/1
   198 | D:1      | Reached XP level 2. HP: 20/24 MP: 2/2
   422 | D:1      | Reached XP level 3. HP: 23/29 MP: 3/3
   975 | D:2      | Reached skill level 4 in Shields
   996 | D:2      | Reached XP level 4. HP: 27/37 MP: 4/4
  1228 | D:2      | Gained mutation: Armour fits poorly on your strangely
                  | shaped body. [potion of mutation]
  1228 | D:2      | Gained mutation: You occasionally shout uncontrollably at
                  | your foes. [potion of mutation]
  1228 | D:2      | Gained mutation: You have sharp toenails. [potion of
                  | mutation]
  1290 | D:2      | Reached XP level 5. HP: 21/42 MP: 5/5
  2260 | D:4      | You fall into a shaft and drop 3 floors!
  2271 | D:7      | Noticed a phantom
  2320 | D:7      | Killed a phantom
  2320 | D:7      | Reached XP level 6. HP: 45/49 MP: 6/6
  2369 | D:7      | Reached skill level 5 in Shields
  2416 | D:7      | Noticed a black bear
  2431 | D:6      | Reached XP level 7. HP: 47/55 MP: 7/7
  2689 | D:5      | Entered Level 5 of the Dungeon
  2734 | D:5      | Reached skill level 5 in Axes
  3014 | D:5      | Got a shimmering jade amulet
  3015 | D:5      | Identified the amulet "Tualuedu" {Gourm rN+ MR+ Int+2
                  | Stlth+} (You found it on level 5 of the Dungeon)
  3051 | D:4      | Reached skill level 6 in Shields
  3093 | D:3      | Reached skill level 5 in Armour
  3305 | D:3      | Reached skill level 5 in Fighting
  3427 | D:3      | HP: 1/56 [killer bee (3)]
  3428 | D:3      | Succumbed to a killer bee's poison

Levels and vault maps discovered:
D:1:      dpeg_arrival_houses_and_road, layout_basic, hex_medium
D:2:      layout_basic, first_ration
D:3:      layout_rooms, moated_statue, minmay_misc_feat_square,
          minmay_curled_crystal
D:4:      layout_loops_corners, minmay_temple_entry_trees, serial_shops,
          nicolae_shop_crystal, grunt_gozag_breadcrumbs
D:5:      layout_basic, corexii_item_surrounded_by_moat, kennysheep_boxes,
          uniq_pikel
D:6:      layout_basic
D:7:      layout_basic, ebering_ghost_rock_garden

Skill      XL: |  1  2  3  4  5  6  7 |
---------------+----------------------+-----
Shields        | 4 5 6 |  6.1
Axes           | 3 4 5 |  5.2
Armour         | 4 5 |  5.0
Fighting       | 4 5 |  5.0

Action                   |  1- 3 |  4- 6 |  7- 9 || total
-------------------------+-------+-------+-------++-------
Melee: War axe           |    78 |   107 |    94 ||   279
       Kick              |       |    22 |    20 ||    42
  Use: Scroll            |       |     9 |       ||     9
       Potion            |       |     1 |     1 ||     2
  Eat: Chunk             |       |     5 |     3 ||     8
Armor: Scale mail        |    42 |    26 |    43 ||   111
       Ring mail         |       |    24 |       ||    24
Dodge: Dodged            |    33 |    53 |    34 ||   120
Block: Shield            |    56 |    64 |    53 ||   173
